 Dungeon Crawl Stone Soup version 0.20.1-1-g8b1a95d (webtiles) character file.

3486 arttle the Geomancer (level 10, -6/50 HPs)
             Began as a Gargoyle Earth Elementalist on Oct 24, 2017.
             Was a Believer of Vehumet.
             Shot with a sling bullet by Joseph (16 damage)
             ... on level 7 of the Dungeon.
             The game lasted 00:43:35 (8568 turns).

arttle the Geomancer (Gargoyle Earth Elementalist)  Turns: 8568, Time: 00:43:36

Health: -6/50      AC: 13    Str: 12    XL:     10   Next: 7%
Magic:  3/20       EV: 12    Int: 19    God:    Vehumet [**....]
Gold:   545        SH:  0    Dex: 10    Spells: 14/23 levels left

rFire    . . .     SeeInvis .   i - +1 whip (pain)
rCold    . . .     Gourm    .   (no shield)
rNeg     + . .     Faith    .   c - +0 robe
rPois    ∞         Spirit   .   (no helmet)
rElec    +         Reflect  .   (no cloak)
rCorr    .         Harm     .   v - +0 pair of gloves
MR       .....                  q - +2 pair of boots
Stlth    ++........             (no amulet)
Regen    0.2/turn               (no ring)
MPRegen  0.2/turn               (no ring)

@: no status effects
A: negative energy resistance 1, electricity resistance, unbreathing,
petrification resistance, rot immunity, AC +7
a: Renounce Religion


You were on level 7 of the Dungeon.
You worshipped Vehumet.
Vehumet was pleased with you.
You were not hungry.

You visited 2 branches of the dungeon, and saw 8 of its levels.

You collected 545 gold pieces.

Inventory:

Hand Weapons
 i - a +1 whip of pain (weapon)
Missiles
 b - 25 stones (quivered)
Armour
 c - a +0 robe (worn)
 q - a +2 pair of boots (worn)
 v - a +0 pair of gloves (worn)
 C - a +0 buckler
Magical Staves
 H - an uncursed staff of earth {unknown}
 J - an uncursed staff of death {unknown}
 K - an uncursed staff of summoning {unknown}
Jewellery
 l - an uncursed ring of protection from fire {unknown}
 A - an uncursed ring of wizardry {unknown}
 B - a +3 ring of intelligence {unknown}
Wands
 f - a wand of iceblast (8/15)
 I - a wand of acid (3/15)
Scrolls
 a - 2 scrolls of teleportation
 j - a scroll of recharging
 o - 6 scrolls of remove curse
 p - 6 scrolls of identify {unknown}
 r - a scroll of blinking {unknown}
 s - 3 scrolls of amnesia
 w - a scroll of noise {unknown}
 x - 2 scrolls of fear {unknown}
 y - 2 scrolls of magic mapping {unknown}
 z - 2 scrolls of enchant armour {unknown}
 E - a scroll of enchant weapon {unknown}
 F - a scroll of summoning {unknown}
 G - a scroll of silence {unknown}
Potions
 g - 5 potions of curing {unknown}
 h - a potion of flight {unknown}
 m - 2 potions of resistance {unknown}
 n - 3 potions of heal wounds {unknown}
 t - 2 potions of might {unknown}
 u - 4 potions of brilliance {unknown}
 O - a potion of mutation {unknown}
Books
 e - a book of Geomancy

   Spells                             Type                      Level
   a - Sandblast                      Earth                        1
   b - Passwall                       Transmutation/Earth          2
   c - Stone Arrow                    Conjuration/Earth            3
   d - Petrify                        Transmutation/Earth          4
   e - Lee's Rapid Deconstruction     Earth                        5
 L - a book of Battle

   Spells                             Type                      Level
   a - Infusion                       Charms                       1
   b - Shroud of Golubria             Charms/Translocation         2
   c - Song of Slaying                Charms                       2
   d - Spectral Weapon                Hexes/Charms                 3
   e - Regeneration                   Charms/Necromancy            3
Miscellaneous
 M - a sack of spiders
 N - a box of beasts
Comestibles
 d - 3 bread rations
 k - a meat ration


   Skills:
 - Level 1.5 Dodging
 - Level 2.1 Stealth
 - Level 7.1 Spellcasting
 + Level 7.2 Conjurations
   Level 0.7 Transmutations
 - Level 12.0 Earth Magic


You had 14 spell levels left.
You knew the following spells:

 Your Spells              Type           Power        Failure   Level  Hunger
a - Sandblast             Erth           ######       1%          1    None
e - Lee's Rapid Deconstr  Erth           ######....   1%          5    #####..
z - Stone Arrow           Conj/Erth      #####.       1%          3    #......


Dungeon Overview and Level Annotations

Branches:
Dungeon (7/15)             Temple (1/1) D:6

Altars:
Ashenzari
Cheibriados
Dithmenos
Elyvilon
Gozag
Hepliaklqana
Makhleb
Nemelex Xobeh
Qazlal
Sif Muna
Trog
Uskayaw
Vehumet
Xom
Yredelemnul

Shops:
D:6 ![!

Annotations:
D:5 Regeox's ghost, novice DsGl
D:7 Joseph


Innate Abilities, Weirdness & Mutations

You are resistant to torment.
Your stone body is resilient. (AC +7)
You are immune to poison.
You resist negative energy. (rN+)
You are resistant to electric shocks. (rElec)
You can survive without breathing.
You are immune to petrification.
You are immune to rotting.


Message History

Joseph hits you with an uncursed quarterstaff.
Joseph unwields an uncursed quarterstaff.
Joseph wields an uncursed hunting sling.
Joseph shoots a sling bullet.
The sling bullet hits you.
You see here a sling bullet.
Joseph shoots a sling bullet.
The sling bullet completely misses you.
All of the chunks of flesh in your inventory have rotted away.
Joseph shoots a sling bullet.
The sling bullet hits you.
You see here a sling bullet.
Joseph shoots a sling bullet.
The sling bullet hits you.
You see here a sling bullet.
Joseph shoots a sling bullet.
The sling bullet hits you!
You see here a sling bullet.
Joseph shoots a sling bullet.
The sling bullet hits you!
* * * LOW HITPOINT WARNING * * *
Casting: Stone Arrow
Confirm with . or Enter, or press ? or * to list all spells.
You can't see any susceptible monsters within range! (Use Z to cast anyway.) Joseph shoots a sling bullet.
The sling bullet hits you!
You die...

.##..#..##.##..##.# #.##.#.####.#
.#......)##...##.## ##.#..)......
###.....###...##.# #.##.#......
#.###.###.##.##.## ##.#.#...)..
#.........##.##.# #.#.#......
)#######################.........
....................@..@.....(...
##.......#####(#.#(#####.........
##........####..@.....###.......>
##......).....##......#.(.#.###.#
.#.......####..#......[(###..##[#
.######### ## #.......## ##.##.#
# #.........# #..#.# ###......##
#..... #......# #..... #......#
#..... ######## #.....


You could see Joseph.

Vanquished Creatures
  A hippogriff (D:6)
  A slime creature (D:7)
  A basilisk (D:7)
  A hungry ghost (D:7)
  An orc warrior (D:7)
  A sky beast (D:6)
  3 ice beasts
  An eye of draining (D:7)
  A black bear (D:7)
  A centaur (D:7)
  5 ogres
  4 bullfrogs
  2 scorpions
  5 killer bees
  A howler monkey (D:4)
  3 crimson imps
  A bullfrog zombie (D:7)
  2 hounds
  3 orc priests
  7 orc wizards
  2 iguanas (D:7)
  8 worker ants
  3 hound skeletons
  A howler monkey zombie (D:7)
  Robin (D:4)
  6 gnolls
  A worker ant zombie (D:7)
  A howler monkey skeleton (D:7)
  11 adders
  A shadow imp (D:7)
  3 adder zombies
  An adder skeleton (D:5)
  2 worms
  3 dart slugs
  4 leopard geckos
  21 orcs
  A ball python (D:2)
  8 bats
  5 giant cockroaches
  19 goblins
  5 hobgoblins
  8 jackals
  2 quokkas
  2 frilled lizards
  9 kobolds
  A leopard gecko zombie (D:7)
  A quokka zombie (D:5)
  6 rats
181 creatures vanquished.

Vanquished Creatures (others)
  A quokka (D:5)
1 creature vanquished.

Grand Total: 182 creatures vanquished

Notes
Turn   | Place    | Note
-------+----------+-------------------------------------------
     0 | D:1      | arttle the Gargoyle Earth Elementalist began the quest for the Orb.
     0 | D:1      | Reached XP level 1. HP: 10/10 MP: 3/3
   235 | D:1      | Reached skill level 4 in Earth Magic
   312 | D:1      | Reached XP level 2. HP: 9/15 MP: 0/5
   933 | D:1      | Reached XP level 3. HP: 9/19 MP: 3/6
  1040 | D:1      | Reached skill level 5 in Earth Magic
  1107 | D:1      | Learned a level 3 spell: Stone Arrow
  1307 | D:2      | Found an opulent altar of Gozag.
  1512 | D:2      | Found a sparkling altar of Nemelex Xobeh.
  1565 | D:2      | Reached XP level 4. HP: 24/24 MP: 4/7
  1567 | D:2      | Reached skill level 6 in Earth Magic
  1678 | D:2      | Found a burning altar of Makhleb.
  2132 | D:3      | Reached XP level 5. HP: 28/28 MP: 5/8
  2136 | D:3      | Reached skill level 7 in Earth Magic
  2445 | D:3      | Found a shimmering altar of Xom.
  2955 | D:4      | Found a shadowy altar of Dithmenos.
  2970 | D:4      | Noticed Robin
  3154 | D:4      | Noticed an ogre
  3157 | D:4      | Killed an ogre
  3157 | D:4      | Reached XP level 6. HP: 32/32 MP: 2/11
  3324 | D:4      | Learned a level 3 spell: Stone Arrow
  3488 | D:4      | Killed Robin
  3555 | D:4      | Found a snail-covered altar of Cheibriados.
  3680 | D:4      | Found a bloodstained altar of Trog.
  3760 | D:5      | Entered Level 5 of the Dungeon
  3834 | D:5      | Reached XP level 7. HP: 36/36 MP: 10/14
  3838 | D:5      | Reached skill level 5 in Spellcasting
  3932 | D:4      | Learned a level 5 spell: Lee's Rapid Deconstruction
  3982 | D:5      | Found a stormy altar of Qazlal.
  4348 | D:5      | Found a white marble altar of Elyvilon.
  4355 | D:5      | Noticed Regeox's ghost (novice DsGl)
  5189 | D:6      | Found Kazuo's Armour Emporium.
  5199 | D:6      | Found Maakhaqo's Distillery.
  5248 | D:6      | Found Tohirola's Distillery.
  5276 | D:6      | Found a staircase to the Ecumenical Temple.
  5285 | Temple   | Entered the Ecumenical Temple
  5296 | Temple   | Became a worshipper of Vehumet
  5318 | D:6      | Reached XP level 8. HP: 41/41 MP: 12/18
  5497 | D:6      | Found a hazy altar of Hepliaklqana.
  5984 | D:7      | Reached skill level 8 in Earth Magic
  6126 | D:7      | Reached skill level 9 in Earth Magic
  6435 | D:7      | Reached skill level 10 in Earth Magic
  6450 | D:7      | Reached * piety under Vehumet
  6450 | D:7      | Offered knowledge of Shock by Vehumet.
  6510 | D:7      | Reached XP level 9. HP: 45/45 MP: 2/19
  6693 | D:7      | Reached skill level 11 in Earth Magic
  7037 | D:6      | Reached skill level 12 in Earth Magic
  7237 | D:7      | Noticed Joseph
  7690 | D:6      | Reached skill level 5 in Conjurations
  8193 | D:7      | Reached XP level 10. HP: 39/50 MP: 1/20
  8422 | D:7      | Reached ** piety under Vehumet
  8422 | D:7      | Offered knowledge of Magic Dart by Vehumet.
  8568 | D:7      | Shot with a sling bullet by Joseph

Skill      XL: |  1  2  3  4  5  6  7  8  9 10 |
---------------+-------------------------------+-----
Earth Magic    | 4 5 6 7 10 12 | 12.0
Spellcasting   | 3 4 6 7 |  7.1
Conjurations   | 6 7 |  7.2
Dodging        | |  1.5
Stealth        | |  2.1
Transmutations | |  0.7

Action                   |  1- 3 |  4- 6 |  7- 9 | 10-12 || total
-------------------------+-------+-------+-------+-------++-------
Melee: Dagger            |    12 |       |       |       ||    12
       Unarmed           |     1 |       |       |       ||     1
       Whip              |    78 |    42 |    80 |     2 ||   202
 Cast: Sandblast         |    30 |    68 |    96 |       ||   194
       Stone Arrow       |     3 |     8 |   109 |    15 ||   135
       Lee's Rapid Decon |       |       |     4 |     2 ||     6
  Use: Scroll            |       |     5 |       |       ||     5
 Stab: Sleeping          |     2 |     3 |       |       ||     5
  Eat: Chunk             |     3 |     8 |    11 |       ||    22
       Bread ration      |       |       |     1 |       ||     1
       Meat ration       |       |       |       |     1 ||     1
Armor: Robe              |    49 |    26 |    93 |     3 ||   171
Dodge: Dodged            |    74 |    35 |   143 |     4 ||   256
